cohdb
Replays
Latest Replays
All Replays
Popular Replays
Top Player Replays
Match Explorer
How It Works
Community
CoH3 Stats
Reddit
Sign in to upload your games and track your stats! →
Sign in with Steam
Match 43785447
Unlisted
Match 43785447
Overview
Messages
Build Orders
End
Royal Engineer Section
Construct Section Command Post
Infantry Section
Infantry Section
Grenade Package
Infantry Section
Construct Field Infirmary
Construct Platoon Command Post
Humber Armored Car
6-pounder Anti-tank Gun Team
Selects Canadian Shock Battlegroup
Selects Incendiary Munitions
Selects Pyrotechnics
Infantry Training
ML 3-inch Mortar Team
Construct Company Command Post
Foot Guards Section
Foot Guards Section
Unlock M3 Grant Medium Tanks
M3 Grant Medium Tank
Selects Demolition Engineering
Demolition Engineering
Selects Attacking Spirit
Selects Canadian Shock Section
Selects Smoke Operation
M3 Grant Medium Tank
Armored Vehicle Training
M3 Grant Medium Tank
Mowgli01
Sauvage
0
0
Comments
sign in to comment!
No comments posted yet!